Map: Clair de lune fanatique EC (Void)

Players

AgCl

  • Race: Protoss Protoss
  • League: Silver

rawfriez - Winner!

  • Race: Terran Terran
  • League: Silver

VOD

Have the link to the VOD?

Description

Time

  • Played on: July 17, 2015, 6:12 p.m.
  • Length: 6:14
Show
View Real Time Build Order
Export as new Build Order

AgCl Protoss 

Build Orders: Oracle Opening 

Get SALT Encoding   

  12  0:02  Probe  
  13  0:17  Pylon  
  13  0:18  Probe  
  14  0:35  Probe  
  14  0:38  Gateway  
  15  0:48  Probe  
  16  1:00  Probe  
  17  1:05  Assimilator  
  17  1:07  Pylon  
  17  1:12  Probe  
  18  1:24  Probe  
  19  1:32  Cybernetics Core  
  19  1:36  Probe  
  19  1:38  Zealot (Chrono Boost)  
  22  1:48  Probe, Assimilator  
  23  2:00  Probe  
  24  2:12  Probe (Chrono Boost)  
  24  2:14  Warp Gate  
  25  2:18  Nexus  
  26  2:23  Probe (Chrono Boost)  
  28  2:30  Mothership Core (Chrono Boost)  
  28  2:44  Probe (Chrono Boost)  
  29  2:56  Probe  
  30  3:09  Stargate  
  30  3:16  Probe  
  30  3:29  Pylon  
  30  3:30  Zealot  
  30  3:31  Probe (Chrono Boost)  
  34  3:36  Probe (Chrono Boost)  
  32  3:42  Probe (Chrono Boost)  
  32  3:43  Probe (Chrono Boost)  
  34  3:51  Assimilator  
  34  3:54  Probe  
  33  3:55  Oracle (Chrono Boost)  
  34  4:14  Forge  
  32  4:19  Probe  
  32  4:25  Probe (Chrono Boost)  
  33  4:35  Probe (Chrono Boost)  
  34  4:38  Assimilator  
  34  4:42  Probe (Chrono Boost)  
  34  4:45  Probe (Chrono Boost)  
  35  4:49  Probe (Chrono Boost)  
  35  4:52  Probe  
  35  4:53  Photon Cannon  
  36  5:01  Probe  
  36  5:05  Probe, Photon Cannon  
  38  5:13  Probe  
  20  5:23  Probe (Chrono Boost)  
  19  5:30  Probe (Chrono Boost)  
  19  5:35  Probe (Chrono Boost)  
  20  5:40  Probe (Chrono Boost)  
  18  5:43  Probe (Chrono Boost)  
  18  5:47  Probe (Chrono Boost)  
  18  5:50  Probe (Chrono Boost)  
  18  5:55  Probe  
  20  6:03  Probe (Chrono Boost)  
Show
View Real Time Build Order
Export as new Build Order

rawfriez Terran - Winner!

Build Orders:  

Get SALT Encoding   

  12  0:01  SCV  
  13  0:13  SCV  
  14  0:17  Supply Depot  
  14  0:24  Refinery  
  14  0:29  SCV  
  15  0:41  SCV  
  16  0:47  Barracks  
  16  0:53  SCV  
  17  1:06  SCV  
  17  1:28  SCV  
  19  1:47  Factory  
  19  1:49  Marine, Orbital Command  
  19  2:02  Supply Depot  
  19  2:08  Marine  
  20  2:18  SCV  
  21  2:27  Marine  
  22  2:40  Widow Mine  
  22  2:44  Command Center  
  24  2:46  SCV  
  24  2:49  Marine  
  26  2:59  SCV  
  26  3:03  Bunker  
  27  3:07  Marine  
  27  3:08  Widow Mine  
  27  3:11  SCV  
  30  3:26  SCV  
  30  3:29  Supply Depot  
  30  3:40  Refinery  
  30  3:41  Factory  
  30  3:44  Supply Depot, SCV  
  31  3:50  Widow Mine  
  32  4:10  Orbital Command  
  32  4:13  Engineering Bay  
  32  4:14  Supply Depot  
  32  4:17  SCV  
  33  4:18  Widow Mine  
  33  4:20  Barracks Reactor  
  33  4:23  Starport  
  35  4:29  SCV  
  35  4:30  Factory Reactor  
  34  4:41  SCV  
  34  4:42  SCV  
  34  4:43  Missile Turret  
  34  4:44  Missile Turret  
  36  4:50  Widow Mine  
  38  4:53  SCV  
  38  4:54  SCV  
  38  4:59  Missile Turret  
  40  5:05  SCV  
  41  5:16  SCV  
  44  5:21  Hellion x2  
  44  5:23  SCV  
  45  5:29  Viking  
  45  5:31  SCV  
  45  5:34  Factory  
  48  5:41  Widow Mine  
  48  5:43  Hellion  
  48  5:44  Hellion  
  48  5:47  SCV x2  
  48  5:49  Refinery  
  52  5:50  Refinery  
  52  5:52  Supply Depot  
  52  5:59  SCV x2  
  52  6:01  Starport Tech Lab  
Tags
 
Add a new tag
Caveats
  • Supply blocks, unpowered buildings, or Contaminate may cause inaccurate times.
  • Supply counts are checked every 10 seconds.